 Dungeon Crawl Stone Soup version 0.19-a0-1042-g77c37a1 (webtiles) character file.

19908 rageheart7 the Sharpshooter (level 13, -2/85 HPs)
             Began as a Kobold Hunter on July 30, 2016.
             Was a Believer of Ashenzari.
             Engulfed by a cloud of freezing vapour (8 damage)
             ... in an ice cave.
             The game lasted 00:37:00 (14475 turns).

rageheart7 the Sharpshooter (Kobold Hunter)        Turns: 14475, Time: 00:37:00

Health: -2/85      AC: 15    Str: 18    XL:     13   Next: 8%
Magic:  0/15       EV: 21    Int:  9    God:    Ashenzari [**....]
Gold:   786        SH:  2    Dex: 18    Spells: 0 memorised, 12 levels left

rFire  . . .     SeeInvis .     M - +5 dagger (drain)
rCold  + . .     Gourm    .     y - +0 ring mail
rNeg   . . .     Faith    .     (shield restricted)
rPois  .         Spirit   +     S - +2 hat
rElec  .         Dismiss  .     (no cloak)
rCorr  .         Reflect  .     s - +1 pair of gloves
SustAt .         Harm     .     P - +2 pair of boots {Stlth+}
MR     +....                    t - amulet of guardian spirit
Stlth  ++++++....               L - +4 ring of strength (curse)
                                l - ring of protection from magic

@: somewhat resistant to hostile enchantments, very stealthy
A: large bone plates 1, carnivore 3, cold resistance 1, robust 1
a: Curse Item, Scrying, Renounce Religion


You were in an ice cave.
You worshipped Ashenzari.
Ashenzari was pleased with you.
You were not hungry.

You visited 3 branches of the dungeon, and saw 16 of its levels.
You also visited: Sewer and Ice Cave.

You collected 786 gold pieces.

Inventory:

Hand Weapons
 g - a +0 arbalest
 m - a +3 demon trident of pain
 M - a +5 dagger of draining (weapon)
Missiles
 o - 11 bolts
Armour
 a - a +0 pair of boots of stealth
 s - a +1 pair of gloves (worn)
 y - a +0 ring mail (worn)
 A - a +0 buckler of reflection
 H - a +2 scale mail of cold resistance
 P - a +2 pair of boots of stealth (worn)
 S - a +2 hat (worn)
Jewellery
 l - a ring of protection from magic (left hand)
 r - an uncursed ring of ice
 t - an amulet of guardian spirit (around neck)
 F - an uncursed amulet of faith
 L - a cursed +4 ring of strength (right hand)
Wands
 b - a wand of heal wounds (0/9)
 p - a wand of iceblast (9/15)
 C - a wand of lightning (0/15)
 J - a wand of iceblast (7/15)
 R - a wand of disintegration (0/24)
Scrolls
 c - 2 scrolls of fear
 i - 3 scrolls of magic mapping
 j - 3 scrolls of noise
 E - a scroll of amnesia
 Q - a scroll of enchant weapon
Potions
 d - a potion of cancellation
 e - 6 potions of curing
 h - 3 potions of magic
 k - a potion of agility
 u - a potion of cure mutation
 x - a potion of berserk rage
 z - 3 potions of flight
 B - 4 potions of lignification
 D - 2 potions of might
 G - a potion of ambrosia
Miscellaneous
 K - a phial of floods (inert)
Comestibles
 f - 7 meat rations
 n - 2 beef jerkies
 q - 3 royal jellies


   Skills:
 - Level 8.1 Fighting
 - Level 9.8 Short Blades
 * Level 16.1 Crossbows
 + Level 4.9 Armour
 - Level 10.1 Dodging
 + Level 10.4 Stealth
 + Level 2.6 Evocations


You had 12 spell levels left.
You didn't know any spells.

Dungeon Overview and Level Annotations

Branches:
Dungeon (14/15)            Temple (1/1) D:5            Lair (1/6) D:9
    Orc (0/2) D:12
 Vaults: D:13-14

Altars:
Ashenzari
Cheibriados
Dithmenos
Elyvilon
Fedhas
Gozag
Hepliaklqana
Makhleb
Nemelex Xobeh
Okawaru
Pakellas
Qazlal
Ru
Sif Muna
Trog
Uskayaw
Vehumet
Xom
Yredelemnul
Zin
The Shining One
Lugonu

Shops:
D:5 [(   D:6 }   D:9 *

Annotations:
D:10 1 runed door
D:14 exclusion: obsidian statue IceCv exclusion: 2 ice statues


Innate Abilities, Weirdness & Mutations

You are small and have problems with some larger weapons.
You are carnivorous and can eat meat at any time.
You are partially covered in large bone plates. (AC +2, SH +2)
Your flesh is cold resistant. (rC+)
You are robust. (+10% HP)


Message History

You enter the shallow water.
Moving in this stuff is going to be slow.
o - 9 bolts (gained 6)
o - 10 bolts (gained 1) Really walk into that cloud of freezing vapour?
Okay, then.
o - 11 bolts (gained 1)
You are engulfed in freezing vapours.
You resist.
You are engulfed in freezing vapours.
You resist.
You are engulfed in freezing vapours.
You resist.
You are engulfed in freezing vapours.
You resist.
You are engulfed in freezing vapours.
You resist.
* * * LOW HITPOINT WARNING * * *
You are engulfed in freezing vapours.
You resist.
* * * LOW HITPOINT WARNING * * *
You are engulfed in freezing vapours.
You resist.
* * * LOW HITPOINT WARNING * * *
You start resting.
You are engulfed in freezing vapours.
You resist.
You die...

*,,*,,,,**≈#§.§#.........#.##
*,,**,,,,*##§§§#........##.##
**,,*,,,,*#§§§§###..#)..#...#
*,,**,,,**§..§.§##.#.§##...#
**,,*,,**,,#.§.§.#.#§§##...#
*,,****≈,**#.≈§§§§§########
**,***,,,* #§§§§§§§§#
**,,*,,** ##§§§§§§.# *,,,,**
#@§§§§§## **,,** ##§§§§§#
**** ##§§§## ##.## ###


There were no monsters in sight!

Vanquished Creatures
  Gastronok (Lair:1)
  A reaper (IceCv)
  Fannar (D:12)
  2 tengu warriors
  Nergalle (D:12)
  An unseen horror (D:11)
  3 hill giants
  A deep elf mage (D:12)
  4 ugly things
  2 cyclopes
  2 centaur zombies
  A spiny frog (Lair:1)
  A gargoyle (D:13)
  A komodo dragon (Lair:1)
  7 ice devils (IceCv)
  A troll (D:10)
  A wyvern (D:10)
  2 shadows (D:13)
  A yak (D:9)
  2 hippogriffs
  2 hungry ghosts
  A mottled dragon (D:13)
  2 soldier ants
  Edmund (D:6)
  3 water moccasins
  An eye of draining (D:11)
  5 ice beasts
  3 orc warriors
  A black bear (D:8)
  A sky beast (D:10)
  A wasp (D:11)
  3 ogres
  3 phantoms
  2 centaurs
  2 crocodiles (D:9)
  3 big kobolds
  7 giant frogs
  2 scorpions
  A water moccasin skeleton (D:8)
  6 killer bees (D:9)
  4 howler monkeys
  7 crimson imps
  2 giant frog zombies
  A quasit (D:8)
  3 hounds
  A jelly (D:5)
  7 orc priests
  Ijyb (D:2)
  2 giant frog skeletons
  A centaur skeleton (D:10)
  Natasha (thrice) (D:2)
  Terence (D:2)
  4 iguanas
  10 orc wizards
  12 worker ants
  A worker ant zombie (D:6)
  4 gnolls (D:6)
  19 adders
  3 river rats
  2 shadow imps
  18 white imps
  6 ufetubi (IceCv)
  2 oozes
  An adder skeleton (D:9)
  2 worms
  5 dart slugs
  8 giant geckos
  59 orcs
  5 ball pythons
  18 bats
  11 giant cockroaches
  5 goblins
  7 hobgoblins
  18 jackals
  23 kobolds
  9 quokkas
  2 giant gecko skeletons (D:4)
  5 giant newts
  A quokka skeleton (D:9)
  14 rats
393 creatures vanquished.

Vanquished Creatures (collateral kills)
  An ice devil (IceCv)
1 creature vanquished.

Vanquished Creatures (others)
  A white imp (IceCv)
  6 ufetubi (IceCv)
  10 fungi (D:9)
  4 plants (D:9)
21 creatures vanquished.

Grand Total: 415 creatures vanquished

Notes
Turn   | Place    | Note
-------+----------+-------------------------------------------
     0 | D:1      | rageheart7 the Kobold Hunter began the quest for the Orb.
     0 | D:1      | Reached XP level 1. HP: 12/12 MP: 1/1
    16 | D:1      | Reached skill level 5 in Crossbows
    90 | D:1      | Reached XP level 2. HP: 12/17 MP: 2/2
   461 | D:1      | Reached XP level 3. HP: 19/21 MP: 3/3
   896 | D:2      | Found a faded altar of an unknown god.
   991 | D:2      | Noticed Natasha
   995 | D:2      | Killed Natasha
   995 | D:2      | Reached skill level 6 in Crossbows
   995 | D:2      | Reached XP level 4. HP: 27/27 MP: 4/4
  1006 | D:2      | Found a snail-covered altar of Cheibriados.
  1025 | D:2      | Noticed Ijyb
  1029 | D:2      | Noticed Natasha
  1034 | D:2      | Killed Natasha
  1052 | D:2      | Killed Ijyb
  1052 | D:2      | Reached skill level 7 in Crossbows
  1052 | D:2      | Reached XP level 5. HP: 8/31 MP: 5/5
  1305 | D:2      | Found an opulent altar of Gozag.
  1418 | D:2      | Noticed Terence
  1434 | D:2      | Killed Terence
  1595 | D:2      | Noticed Natasha
  1609 | D:2      | Reached skill level 9 in Crossbows
  1609 | D:2      | Reached XP level 6. HP: 12/44 MP: 6/6
  1616 | D:2      | Killed Natasha
  1900 | D:2      | Found a glowing golden altar of the Shining One.
  1905 | D:2      | Found a basalt altar of Yredelemnul.
  1907 | D:2      | Noticed a profane servitor
  1931 | D:2      | Reached XP level 7. HP: 49/49 MP: 7/7
  2117 | D:2      | Noticed an angel
  2805 | D:3      | Found a glowing silver altar of Zin.
  2806 | D:3      | Found an opulent altar of Gozag.
  2906 | D:3      | Gained mutation: You are robust. (+10% HP) [potion of mutation]
  2906 | D:3      | Gained mutation: You are partially covered in large bone plates. (AC +2, SH +2) [potion of mutation]
  2906 | D:3      | Gained mutation: Your flesh is cold resistant. (rC+) [potion of mutation]
  3117 | D:4      | Reached skill level 10 in Crossbows
  3591 | D:5      | Entered Level 5 of the Dungeon
  3676 | D:5      | Reached XP level 8. HP: 55/59 MP: 3/8
  3692 | D:5      | Found Kahuv's Weapon Emporium.
  3806 | D:5      | Reached skill level 1 in Short Blades
  3806 | D:5      | Reached skill level 1 in Evocations
  4602 | D:5      | Found a staircase to the Ecumenical Temple.
  4650 | Temple   | Entered the Ecumenical Temple
  4675 | Temple   | Became a worshipper of Ashenzari the Shackled
  4793 | D:5      | Found a bloodstained altar of Trog.
  4850 | D:5      | Found Seicsiv's Armour Shoppe.
  5093 | D:6      | Found a sparkling altar of Nemelex Xobeh.
  5137 | D:6      | Reached skill level 10 in Dodging
  5172 | D:6      | Found a glowing drain.
  5229 | Sewer    | Entered a sewer
  5348 | Sewer    | Found a glowing silver altar of Zin.
  5622 | D:6      | Noticed Edmund
  5669 | D:6      | Killed Edmund
  5669 | D:6      | Reached XP level 9. HP: 31/64 MP: 5/10
  5929 | D:6      | Found Yrutah's Gadget Boutique.
  6508 | D:7      | Reached skill level 1 in Armour
  6549 | D:7      | Found a burning altar of Makhleb.
  6550 | D:7      | Found a radiant altar of Vehumet.
  7141 | D:7      | Noticed a cyclops
  7148 | D:7      | Killed a cyclops
  7148 | D:7      | Reached skill level 5 in Short Blades
  7517 | D:8      | Reached XP level 10. HP: 70/70 MP: 11/11
  7526 | D:8      | Reached * piety under Ashenzari
  7887 | D:8      | Found a sacrificial altar of Ru.
  7905 | D:8      | Found a burning altar of Makhleb.
  8031 | D:9      | Found an iron altar of Okawaru.
  8288 | D:9      | Found a blossoming altar of Fedhas.
  8392 | D:9      | Found Erphuguo's Assorted Antiques.
  8460 | D:9      | Found a deep blue altar of Sif Muna.
  8778 | D:9      | Found a staircase to the Lair.
  9053 | D:10     | Entered Level 10 of the Dungeon
  9247 | D:10     | Found a runed door.
  9703 | D:10     | Noticed a hill giant
  9715 | D:10     | Killed a hill giant
  9715 | D:10     | Reached XP level 11. HP: 43/74 MP: 8/12
  9790 | D:10     | Noticed a tengu warrior
  9811 | D:10     | Killed a tengu warrior
  9811 | D:10     | Reached skill level 10 in Stealth
  9848 | D:10     | Found a snail-covered altar of Cheibriados.
 10024 | D:10     | Found a runed door.
 10600 | D:11     | Killed an unseen horror
 10600 | D:11     | Reached skill level 11 in Crossbows
 10689 | D:11     | Noticed a tengu warrior
 10709 | D:11     | Killed a tengu warrior
 11087 | D:12     | Reached ** piety under Ashenzari
 11101 | D:12     | Noticed a deep elf mage
 11105 | D:12     | Killed a deep elf mage
 11143 | D:12     | Noticed Fannar
 11148 | D:12     | Noticed Nergalle
 11163 | D:12     | Killed Fannar
 11163 | D:12     | Reached skill level 12 in Crossbows
 11181 | D:12     | Noticed a spectral orc warlord
 11184 | D:12     | Killed Nergalle
 11225 | D:12     | Noticed a cyclops
 11227 | D:12     | Killed a cyclops
 11227 | D:12     | Reached XP level 12. HP: 62/80 MP: 9/13
 11474 | D:12     | Reached skill level 13 in Crossbows
 11638 | D:12     | Found a staircase to the Orcish Mines.
 12199 | D:13     | Reached skill level 14 in Crossbows
 12671 | D:14     | Noticed a soul eater
 12837 | Lair:1   | Entered Level 1 of the Lair of Beasts
 12980 | Lair:1   | Reached *** piety under Ashenzari
 12982 | Lair:1   | Found a frozen archway.
 13018 | Lair:1   | Noticed Gastronok
 13039 | Lair:1   | Killed Gastronok
 13039 | Lair:1   | Reached skill level 15 in Crossbows
 13090 | IceCv    | Entered an ice cave
 14032 | IceCv    | Reached XP level 13. HP: 82/85 MP: 4/14
 14079 | IceCv    | Noticed a reaper
 14122 | IceCv    | Killed a reaper
 14122 | IceCv    | Reached skill level 16 in Crossbows
 14468 | IceCv    | HP: 4/85 [something (4)]
 14475 | IceCv    | Engulfed by a cloud of freezing vapour

Vault maps used:
D:1:      matt_arrival_spirals, dk_noncrumbling_4, glass_columns_b,
          minmay_misc_feat_plants
D:2:      grunt_temple_overflow_holy_war, kennysheep_slug_shrine,
          ecumenical_altar_2, grunt_gozag_statues, uniq_terence, uniq_natasha,
          uniq_iyjb
D:3:      grunt_temple_overflow_gold_and_silver, first_bread,
          hangedman_feature_mirror
D:5:      kennysheep_mini_moat, serial_shops, kennysheep_mini,
          nicolae_shop_behind_doors
D:6:      nicolae_overflow_hidden_temple, serial_shops, kennysheep_little_box,
          portal_sewer_entry_a, uniq_edmund
D:7:      grunt_temple_overflow_lords_of_destruction
D:8:      nicolae_overflow_crystal_walls, basic_altar
D:9:      marbit_many_paths, okawaru_metal_pillars_1_2, led_sif_pool,
          grunt_lair_entry_orc_guard_hut, serial_shops, shop
D:10:     lemuel_insect_pit, basic_altar, grunt_tengu_nest
D:11:     abandoned_shop
D:12:     hiddenorc1_lemuel, amethyst_killhole, uniq_nergalle, uniq_fannar
D:14:     lightli_vaults_fourway_checkpoint, hangedman_devilish_allure
Temple:   corrupted_temple
Lair:1:   portal_ice_cave_entry_imps, columned_hall_lemuel, uniq_gastronok
Sewer:    sewer_kobolds
IceCv:    ice_cave_small_demon

Skill      XL: |  1  2  3  4  5  6  7  8  9 10 11 12 13 |
---------------+----------------------------------------+-----
Crossbows      | 5 6 7 9 10 12 15 16 | 16.1
Fighting       | 8 |  8.1
Dodging        | 8 9 10 | 10.1
Stealth        | 7 8 9 10 | 10.4
Short Blades   | 2 5 9 |  9.8
Evocations     | 1 2 |  2.6
Armour         | 2 3 4 |  4.9

Action                   |  1- 3 |  4- 6 |  7- 9 | 10-12 | 13-15 || total
-------------------------+-------+-------+-------+-------+-------++-------
Melee: Short sword       |       |    66 |   343 |   403 |       ||   812
       Dagger            |       |       |       |     2 |    84 ||    86
 Fire: Hand crossbow     |    65 |    35 |   248 |    43 |       ||   391
       Arbalest          |       |       |       |   466 |     4 ||   470
Invok: Curse Item        |       |       |     1 |     1 |       ||     2
Evoke: Wand              |       |     1 |       |    19 |     3 ||    23
       Phial of floods   |       |       |       |     1 |       ||     1
  Use: Potion            |       |     3 |     5 |     4 |     5 ||    17
       Scroll            |       |       |    23 |    15 |     1 ||    39
 Stab: Sleeping          |       |     3 |     5 |     9 |       ||    17
       Distracted        |       |       |     1 |     3 |       ||     4
       Invisible         |       |       |       |     8 |       ||     8
  Eat: Chunk             |     8 |     2 |    20 |    23 |       ||    53
Armor: Leather armour    |     3 |     3 |    33 |       |       ||    39
       Skin              |       |     4 |       |     3 |     4 ||    11
       Ring mail         |       |       |    43 |   172 |     6 ||   221
Dodge: Dodged            |    16 |    47 |   400 |   623 |    34 ||  1120
Block: Other             |       |       |    25 |    69 |     1 ||    95
